General information
- name: BNet
- type: Ladder 1vs1/FFA
- host: Battle.net
- saver: AlmightyFars
map: Wetlands
- players: 2
- length: 22:57
- speed: Fast
- version: 1.26 W3XP
- replay type: Public
» download(64 KB)
Players
team 1 (winner)
AlmightyFars (
orange | 80 APM | 1848 actions | 22:57)
7 Blood Mage
3 Flame Strike
3 Siphon Mana
1 Summon Phoenix
» actions
| Assign group hotkey | 124 | |
| Basic commands | 13 | |
| Build / train | 77 | |
| Enter build submenu | 43 | |
| Enter hero's abilities submenu | 7 | |
| Give item / drop item | 2 | |
| Remove unit from queue | 1 | |
| Right click | 759 | |
| Select / deselect | 315 | |
| Select group hotkey | 403 | |
| Use ability | 104 | |
1848 total
» units
| Peasant | 10 | |
| Footman | 5 | |
| Sorceress | 4 | |
| Dragonhawk Rider | 4 | |
23 total
» upgrades
| Lumber Harvesting | 2 | |
| Masonry | 1 | |
| Sorceress Training | 1 | |
| Magic Sentry | 1 | |
| Armor | 2 | |
| Swords | 2 | |
9 total
» buildings
| Altar of Kings | 1 | |
| Barracks | 2 | |
| Scout Tower | 15 | |
| Farm | 8 | |
| Arcane Tower | 2 | |
| Arcane Vault | 1 | |
| Lumber Mill | 1 | |
| Keep | 1 | |
| Guard Tower | 7 | |
| Arcane Sanctum | 1 | |
| Castle | 1 | |
| Blacksmith | 1 | |
| Town Hall | 2 | |
| Gryphon Aviary | 2 | |
45 total
» build order
00:23 Altar of Kings
00:39 Barracks
00:46 Barracks
00:53 Scout Tower
01:10 Farm
01:15 Farm
01:57 Farm
02:37 Arcane Tower
02:48 Arcane Vault
02:52 Lumber Mill
04:02 Keep
04:12 Scout Tower
04:15 Scout Tower
04:52 Guard Tower
04:57 Scout Tower
05:51 Guard Tower
05:55 Farm
05:58 Farm
06:01 Scout Tower
06:02 Scout Tower
06:38 Arcane Sanctum
06:41 Guard Tower
07:28 Guard Tower
07:30 Scout Tower
07:30 Scout Tower
08:21 Guard Tower
09:07 Guard Tower
09:26 Castle
11:32 Blacksmith
12:39 Town Hall
13:32 Gryphon Aviary
13:32 Gryphon Aviary
14:19 Farm
15:16 Farm
15:32 Farm
18:00 Scout Tower
18:02 Scout Tower
18:03 Scout Tower
18:58 Guard Tower
21:57 Scout Tower
21:57 Scout Tower
21:57 Scout Tower
21:57 Scout Tower
22:13 Arcane Tower
22:54 Town Hall
» items
| Scroll of Regeneration | 7 | |
| Boots of Speed | 1 | |
| Lesser Clarity Potion | 2 | |
| Staff of Teleportation | 1 | |
| Periapt of Vitality | 1 | |
| Potion of Invisibility | 5 | |
| Potion of Healing | 2 | |
| Potion of Mana | 4 | |
| Scroll of Town Portal | 2 | |
25 total
team 2 (loser)

»
Edward_Teach (
green | 46 APM | 1063 actions | 22:56)
4 Dark Ranger
2 Black Arrow
2 Life Drain
3 Archmage
2 Brilliance Aura
1 Summon Water Elemental
» actions
| Assign group hotkey | 35 | |
| Build / train | 65 | |
| Enter build submenu | 29 | |
| Enter hero's abilities submenu | 7 | |
| Give item / drop item | 3 | |
| Remove unit from queue | 2 | |
| Right click | 277 | |
| Select / deselect | 336 | |
| Select group hotkey | 240 | |
| Use ability | 69 | |
1063 total
» units
| Peasant | 15 | |
| Footman | 6 | |
| Rifleman | 3 | |
| Priest | 4 | |
| Spell Breaker | 2 | |
| Knight | 2 | |
| Dragonhawk Rider | 3 | |
| Gryphon Rider | 2 | |
37 total
» upgrades
| Swords | 1 | |
| Defend | 1 | |
| Masonry | 2 | |
| Magic Sentry | 1 | |
| Cloud | 1 | |
| Armor | 1 | |
| Lumber Harvesting | 1 | |
| Control Magic | 1 | |
| Storm Hammers | 1 | |
10 total
» buildings
| Farm | 10 | |
| Barracks | 1 | |
| Altar of Kings | 1 | |
| Scout Tower | 5 | |
| Arcane Tower | 3 | |
| Keep | 1 | |
| Lumber Mill | 2 | |
| Blacksmith | 1 | |
| Arcane Vault | 1 | |
| Castle | 1 | |
| Workshop | 1 | |
| Arcane Sanctum | 1 | |
| Gryphon Aviary | 1 | |
| Guard Tower | 1 | |
| Town Hall | 1 | |
31 total
» build order
00:35 Farm
00:42 Barracks
00:56 Altar of Kings
01:15 Farm
01:51 Scout Tower
01:57 Farm
02:24 Arcane Tower
02:54 Farm
03:34 Keep
03:45 Lumber Mill
04:00 Blacksmith
05:18 Lumber Mill
05:25 Arcane Vault
05:37 Farm
06:03 Castle
06:14 Workshop
06:21 Arcane Sanctum
06:39 Gryphon Aviary
07:50 Farm
09:19 Scout Tower
09:56 Arcane Tower
09:58 Scout Tower
10:10 Farm
10:32 Arcane Tower
11:30 Farm
13:39 Farm
16:27 Farm
19:43 Scout Tower
20:09 Scout Tower
20:52 Guard Tower
20:55 Town Hall
» items
| Scroll of Regeneration | 1 | |
| Scroll of Town Portal | 1 | |
2 total
Chat log
(02:13 / All) Edward_Teach: gl hf
(02:22 / All) AlmightyFars: bad luck
(02:26 / All) AlmightyFars: do not have any fun
(02:30 / All) Edward_Teach: lol
(08:26 / All) Edward_Teach: i think i'm going to destroy you
(08:29 / All) AlmightyFars: heh
(08:57 / All) AlmightyFars: lol
(09:11 / All) Edward_Teach: lol
(10:41 / All) Edward_Teach: lol
(11:01 / All) Edward_Teach: yup
(11:04 / All) Edward_Teach: gonna destroy you
(12:51 / All) AlmightyFars: mh?
(13:06 / All) AlmightyFars: right as I creep you send skeles convenient
(13:07 / All) Edward_Teach: suck it?
(21:03 / All) AlmightyFars: destroy?
(21:05 / All) AlmightyFars: not so much eh?
(21:11 / All) Edward_Teach: maybe not
(21:16 / All) Edward_Teach: you never been wrong before?
(21:50 / All) Edward_Teach: thought i was dealing with a regular old tower noob
(21:56 / All) Edward_Teach: you are just a little better than that
(22:01 / All) AlmightyFars: hehe
(22:34 / All) Edward_Teach: def tower noob thogh
(22:47 / All) AlmightyFars: def victorious
(22:52 / All) Edward_Teach: have a good night, suck a dick
(22:56 / All) AlmightyFars: WOOOOOO!